 Dungeon Crawl Stone Soup version 0.28.0-49-g6dfe1f597d (webtiles) character file.

Game seed: 3583673657563971148

58 H0rd4k the Charlatan (level 4, -2/32 HPs)
             Began as a Human Artificer on May 20, 2022.
             Succumbed to a goblin's poison
             ... on level 2 of the Dungeon.
             The game lasted 00:01:41 (2005 turns).

H0rd4k the Charlatan (Human Artificer)              Turns: 2005, Time: 00:01:41

Health: -2/32      AC:  3    Str: 10 (12) XL:     4   Next: 21%
Magic:  4/4        EV: 11    Int: 13 (14) God:
Gold:   56         SH:  0    Dex: 11 (13) Spells: 3/3 levels left

rFire   . . .      SeeInvis .   f - +0 rapier
rCold   + . .      Faith    .   (no shield)
rNeg    . . .      Spirit   .   b - +0 leather armour
rPois   .          Reflect  .   (no helmet)
rElec   .          Harm     .   (no cloak)
rCorr   .          Rampage  .   (no gloves)
Will    .....                   (no boots)
Stlth   +.........              (no amulet)
HPRegen 0.10/turn               a - ring of protection from cold
MPRegen 0.09/turn               (no ring)

@: lethally poisoned (-2 -> -16), hasted, very quick
A: no striking features
a: no special abilities


You were on level 2 of the Dungeon.
You visited 1 branch of the dungeon, and saw 2 of its levels.

You collected 56 gold pieces.

Inventory:

Hand Weapons
 f - a +0 rapier (weapon)
Armour
 b - a +0 leather armour (worn)
Jewellery
 a - a ring of protection from cold (left hand)
Wands
 c - a wand of flame (11) (quivered)
 d - a wand of charming (15)
Scrolls
 h - a scroll of immolation {unknown}
 i - a scroll of teleportation {unknown}
 j - 2 scrolls of identify {unknown}
 m - a scroll of summoning {unknown}
Potions
 k - a potion of degeneration
 l - a potion of berserk rage {unknown}
Miscellaneous
 e - a piece from Xom's chessboard (15/15)


   Skills:
 + Level 1.1 Fighting
 + Level 0.5 Short Blades
 + Level 1.0 Maces & Flails
 + Level 3.2 Armour
 + Level 1.3 Dodging
 + Level 1.0 Stealth
 + Level 3.3 Evocations


You had 3 spell levels left.
You didn't know any spells.
Your spell library contained the following spells:

 Spells                   Type           Power      Damage    Failure   Level
 Foxfire                  Conj/Fire      0%         2x1d4     38%         1
 Conjure Flame            Conj/Fire      0%         6-21      77%         3
 Inner Flame              Hex/Fire       0%         N/A       77%         3
 Flame Wave               Conj/Fire      0%         2d4       99%         4


Dungeon Overview and Level Annotations

Branches:
Dungeon (2/15)

Altars:


Message History

No target in view!
You now have 56 gold pieces (gained 9).
You see here a rat corpse.
A goblin comes into view. It is wielding a +1 dagger of venom.
A goblin is nearby!
The goblin shouts!
A goblin is nearby!
A goblin is nearby!
A goblin is nearby!
You completely miss the goblin.
The goblin hits you with a +1 dagger of venom.
You are poisoned.
The goblin hits you but does no damage.
You are more poisoned.
You barely miss the goblin.
You feel very sick.
The goblin hits you with a +1 dagger of venom.
You are more poisoned.
You barely miss the goblin.
You feel very sick.
The goblin hits you with a +1 dagger of venom.
You closely miss the goblin.
You feel very sick. The goblin hits you but does no damage.
You are more poisoned.
You are too injured to fight recklessly!
Aiming: Throw Flame
Press: ? - help, Shift-Dir - straight line, f - goblin
Aim: a goblin, wielding a +1 dagger of venom (64% to hit)
The puff of flame hits the goblin!
You kill the goblin!
* * * LOW HITPOINT WARNING * * *
You feel very sick.
It was a potion of degeneration.
There was something very wrong with that liquid.
You feel weakened.
You feel dopey.
You feel clumsy.
* * * LOW HITPOINT WARNING * * *
You feel very sick.
It was a potion of haste.
You feel yourself speed up.
You die...

## #...####
##......###########
#...###............
#....#..#...)......
#..#...##..@.......
#..##[)†#..........
######..#..#............
..........###...........
......#.................
........##.###....?.....
........##.# #..........
........# .###....<.....
.......###..##.........


There were no monsters in sight!

Vanquished Creatures
  An adder (D:2)
  A worm (D:2)
  A dart slug (D:1)
  6 ball pythons
  2 endoplasms
  4 giant cockroaches
  6 goblins
  6 hobgoblins
  4 kobolds
  3 quokkas (D:2)
  3 frilled lizards (D:2)
  4 rats
41 creatures vanquished.

Notes
Turn   | Place    | Note
-------+----------+-------------------------------------------
     0 | D:1      | H0rd4k the Human Artificer began the quest for the Orb.
     0 | D:1      | Reached XP level 1. HP: 15/15 MP: 1/1
   259 | D:1      | Reached XP level 2. HP: 14/21 MP: 2/2
   366 | D:1      | Found a faded altar of an unknown god.
   859 | D:1      | Reached XP level 3. HP: 26/26 MP: 3/3
  1356 | D:2      | Reached skill level 1 in Maces & Flails
  1593 | D:2      | Reached XP level 4. HP: 20/32 MP: 4/4
  2004 | D:2      | HP: 1/32 [poisoned by a goblin]
  2005 | D:2      | Succumbed to a goblin's poison

Illustrated notes

Levels and vault maps discovered:
D:1:      roderic_crop_circles_arrival_small, layout_loops_cross,
          hellmonk_ecumenical_altar_leap_of_faith, grunt_decor_fettered
D:2:      layout_rooms, minmay_tetromino_t4

Skill      XL: |  1  2  3 |
---------------+----------+-----
Maces & Flails | 1 |  1.0
Armour         | 3 |  3.2
Fighting       | |  1.1
Short Blades   | |  0.5
Dodging        | |  1.3
Stealth        | |  1.0
Evocations     | |  3.3

Action                   |  1- 3 |  4- 6 || total
-------------------------+-------+-------++-------
Melee: Club              |    84 |       ||    84
       Punch             |     4 |       ||     4
       Rapier            |    43 |    18 ||    61
Evoke: Wand              |     3 |     1 ||     4
  Use: Potion            |       |     2 ||     2
 Stab: Sleeping          |     1 |       ||     1
Armor: Leather armour    |    51 |     3 ||    54
Dodge: Dodged            |    84 |     9 ||    93
